 Dungeon Crawl Stone Soup version 0.31-a0-986-g5e6e4ef867 (webtiles) character file.

Game seed: 7471294161327790549

6498 Vomitron the Covert (level 11, -3/99 HPs)
             Began as a Kobold Brigand on Nov 4, 2023.
             Was an Initiate of Gozag.
             Slain by a vampire (8 damage)
             ... on level 9 of the Dungeon.
             The game lasted 00:25:39 (9424 turns).

Vomitron the Covert (Kobold Brigand)                Turns: 9424, Time: 00:25:40

Health: -3/99      AC:  9    Str:  8    XL:     11   Next: 19%
Magic:  0/17       EV: 15    Int: 12    God:    Gozag
Gold:   1395       SH:  0    Dex: 20    Spells: 16/18 levels left

rFire   + + .        j - +3 dagger (freeze)
rCold   + . .        (no shield)
rNeg    . . .        O - +2 robe {rC+ rF+}
rPois   +            p - +1 helmet of Ettion {Rampage rPois rCorr Str-2}
rElec   .            c - +0 cloak
rCorr   +            (no gloves)
SInv    .            k - +1 pair of boots
Will    .....        q - amulet of guardian spirit Stlth
                     B - ring of protection from fire
HPRegen 0.36/turn    (no ring)
MPRegen 0.15/turn

%: guardian spirit, rampage
@: berserking, very quick
A: small, no large weapons, nightstalker 3
a: Renounce Religion, Potion Petition, Call Merchant, Bribe Branch


You were on level 9 of the Dungeon.
You worshipped Gozag.
Gozag was most pleased with you.
You visited 1 branch of the dungeon, and saw 9 of its levels.
You also visited: Sewer and Ossuary.

You collected 1584 gold pieces.
You spent 140 gold pieces at shops.
You paid 49 gold pieces to Gozag.

Inventory:

Hand Weapons
 a - a +2 dagger
 j - a +3 dagger of freezing (weapon)
 r - a +0 dagger of speed
 K - the +4 long sword "Wuqipt" {pain, rElec rC+ Int-3}
   (You found it on level 6 of the Dungeon)

   Int-3:     It affects your intelligence (-3).
   rC+:       It protects you from cold.
   rElec:     It insulates you from electricity.
Missiles
 d - 14 poisoned darts (quivered)
 e - 2 curare-tipped darts
 h - a throwing net
Armour
 b - a +0 robe
 c - a +0 cloak (worn)
 f - a +2 robe of cold resistance
 i - the +1 ring mail "Leonien" {rElec rPois Regen+}
   (You found it on level 4 of the Dungeon)

   rElec:     It insulates you from electricity.
   rPois:     It protects you from poison Regen+: It increases your rate of
   health regeneration.
 k - a +1 pair of boots (worn)
 p - the +1 helmet of Ettion (worn) {Rampage rPois rCorr Str-2}
   (You took it off Robin on level 2 of the Dungeon)

   Str-2:     It affects your strength (-2).
   rPois:     It protects you from poison rCorr: It protects you from acid and
   corrosion.
   Rampage:   It bestows one free step when moving towards enemies.
 O - a +2 robe of resistance (worn)
 P - the +2 robe "Onuisiur" {rElec rCorr}
   (You took it off an orc on level 7 of the Dungeon)

   rElec:     It insulates you from electricity.
   rCorr:     It protects you from acid and corrosion.
Jewellery
 q - an amulet of guardian spirit (around neck)
 s - a ring of ice
 B - a ring of protection from fire (left hand)
 J - an amulet of regeneration
 M - the ring "Opemnul" {rPois Will+ MP+9 Int-4 Dex+5}
   (You found it on level 7 of the Dungeon)

   [ring of magical power]

   Int-4:     It affects your intelligence (-4).
   Dex+5:     It affects your dexterity (+5).
   rPois:     It protects you from poison Will+: It increases your willpower.
   MP+9:      It affects your magic capacity (+9).
Wands
 o - a wand of flame (26)
 u - a wand of iceblast (14)
 L - a wand of acid (6)
 N - a wand of mindburst (13)
 Q - a wand of polymorph (9)
 R - a wand of paralysis (19)
Scrolls
 m - a scroll of vulnerability
 t - 3 scrolls of blinking
 v - 2 scrolls of enchant armour
 y - 2 scrolls of fog
 C - 7 scrolls of identify
 E - 2 scrolls of enchant weapon
 I - 2 scrolls of teleportation
 S - a scroll of revelation
Potions
 g - 4 potions of lignification
 l - 3 potions of enlightenment
 n - a potion of haste
 w - 3 potions of invisibility
 x - 6 potions of brilliance
 z - a potion of mutation
 A - 6 potions of attraction
 D - a potion of cancellation
 H - 2 potions of curing


   Skills:
 + Level 6.9 Fighting
 + Level 11.4 Short Blades
 - Level 2.1 Throwing
 - Level 2.3 Dodging
 + Level 12.2 Stealth
 - Level 4.0 Spellcasting
 + Level 7.3 Hexes
 - Level 4.4 Ice Magic


You had 16 spell levels left.
You knew the following spells:

 Your Spells              Type           Power      Damage    Failure   Level
a - Ensorcelled Hibernat  Hex/Ice        32%        N/A       3%          2

Your spell library contained the following spells:

 Spells                   Type           Power      Damage    Failure   Level
 Confusing Touch          Hex            20%        N/A       3%          3
 Kiss of Death            Conj/Necr      8%         2d6       22%         1
 Necrotise                Necr           8%         1d4       22%         1
 Passwall                 Tmut/Erth      1%         N/A       32%         2
 Wereblood                Tmut           2%         N/A       32%         2
 Swiftness                Air            2%         N/A       54%         3
 Vampiric Draining        Necr           2%         2d6       54%         3
 Silence                  Hex/Air        5%         N/A       80%         5
 Dispel Undead            Necr           2%         3d7       91%         4
 Olgreb's Toxic Radiance  Pois           2%         N/A       91%         4
 Passage of Golubria      Tloc           2%         N/A       91%         4
 Vhi's Electric Charge    Tloc/Air       4%         N/A       91%         4
 Agony                    Necr           2%         N/A       99%         5
 Arcjolt                  Conj/Air       1%         1d11      99%         5
 Irradiate                Conj/Tmut      1%         3d12      99%         5
 Plasma Beam              Fire/Air       1%         2x1d11    100%        6
 Discord                  Hex            10%        N/A       100%        8
 Ignition                 Fire           1%         3d3       100%        8
 Lehudib's Crystal Spear  Conj/Erth      1%         10d2      100%        8


Dungeon Overview and Level Annotations

Branches:
Dungeon (9/15)             Temple (0/1) D:5           Sewer (visited)
Ossuary (visited)
   Lair: D:8-11         Orc: D:9-12

Altars:
Cheibriados
Dithmenos
Elyvilon
Gozag
Kikubaaqudgha
Makhleb
Okawaru
Vehumet
Wu Jian
Xom
Zin

Shops:
D:5 !   D:8 [

Annotations:
D:4 3 runed translucent doors, Zxelo's ghost, amateur MiFi


Innate Abilities, Weirdness & Mutations

You are small and have problems with some larger weapons.
You are completely attuned to the shadows.


Message History

You are confused.
Something barely misses you. x2
Things that are here:
6 gold pieces; a +0 short sword; a curare-tipped dart Something hits you!
* * * LOW HITPOINT WARNING * * *
Something bites you.
* * * LOW HITPOINT WARNING * * *
Something draws strength from your injuries!
Something draws life force from you!
* * * LOW HITPOINT WARNING * * *
Unknown command.
You feel better. Something hits you.
* * * LOW HITPOINT WARNING * * *
Something barely misses you.
Unknown command.
You hit something but do no damage. You hit something but do no damage.
Something barely misses you. Something bites you but does no damage.
You barely miss something. You closely miss something. You punch something.
Something closely misses you. Something barely misses you.
You miss something. You hit something but do no damage.
Something closely misses you. Something bites you but does no damage.
You miss something. You hit something. Something hits you!
* * * LOW HITPOINT WARNING * * *
Something bites you but does no damage.
You feel much better. Something hits you.
* * * LOW HITPOINT WARNING * * *
Something bites you!
* * * LOW HITPOINT WARNING * * *
Something draws strength from your injuries!
A red film seems to cover your vision as you go berserk!
You feel yourself moving faster!
You feel mighty! Something hits you!
* * * LOW HITPOINT WARNING * * *
Something bites you!
You die...
Your body crumbles into a pile of gold.

#[.........
####....## #..#.#
#..#$# #+###....#
#........##+####+#
#.#..####.........
#....# #.$.....#
#....# #...{@..##
####....#
#...$.....
......###
##+#####.. ###...#
. ###...+ :.....#
......# .....
####.


There were no monsters in sight!

Vanquished Creatures
  Pikel (D:7)
  Jeremiah (D:7)
  A troll (D:9)
  Grinder (D:3)
  6 yaks (D:8)
  Sigmund (D:3)
  5 humans (D:8)
  3 steam dragons
  Menkaure (D:4)
  Duvessa (D:7)
  2 ice beasts
  4 ogres
  A sky beast (D:8)
  2 orc warriors
  5 centaurs
  2 lemures (D:7)
  2 bullfrogs (Sewer)
  2 kobold brigands
  3 scorpions
  Dowan (D:7)
  5 killer bees (D:7)
  4 howler monkeys
  A centaur zombie (Ossuary)
  A jelly (D:4)
  3 human zombies (Ossuary)
  5 orc priests
  2 hounds
  3 sleepcaps
  3 orc wizards
  4 iguanas
  2 mummies (Ossuary)
  Robin (D:2)
  11 adders
  3 river rats (Sewer)
  2 shadow imps (D:6)
  2 white imps (D:6)
  3 adder zombies (Ossuary)
  2 worms
  A dart slug (D:4)
  21 orcs
  14 ball pythons
  6 bats
  8 endoplasms
  6 giant cockroaches
  18 goblins
  8 hobgoblins
  3 jackals (D:8)
  13 kobolds
  4 quokkas
  9 frilled lizards
  A goblin zombie (Ossuary)
  9 hobgoblin zombies (Ossuary)
  14 kobold zombies (Ossuary)
  4 orc zombies (Ossuary)
  29 rats
  2 rat zombies (Ossuary)
272 creatures vanquished.

Notes
Turn   | Place    | Note
-------+----------+-------------------------------------------
     0 | D:1      | Vomitron the Kobold Brigand began the quest for the Orb.
     0 | D:1      | Reached XP level 1. HP: 12/12 MP: 1/1
   171 | D:1      | Reached XP level 2. HP: 18/18 MP: 2/2
   238 | D:1      | Found a faded altar of an unknown god.
   784 | D:2      | Reached XP level 3. HP: 22/22 MP: 3/3
   948 | D:2      | Identified the +1 helmet of Ettion {Rampage rPois rCorr
                  | Str-2}
   948 | D:2      | Noticed Robin
  1009 | D:2      | Killed Robin
  1010 | D:2      | Reached XP level 4. HP: 21/27 MP: 4/4
  1164 | D:2      | Learned a level 2 spell: Ensorcelled Hibernation
  1583 | D:3      | Found a glowing drain.
  1587 | Sewer    | Entered a sewer
  1605 | Sewer    | Reached skill level 6 in Stealth
  1618 | Sewer    | Reached XP level 5. HP: 32/32 MP: 5/5
  1737 | Sewer    | Reached skill level 1 in Hexes
  1749 | Sewer    | Reached skill level 5 in Short Blades
  1807 | Sewer    | Noticed a bullfrog
  1809 | Sewer    | Noticed a bullfrog
  1815 | Sewer    | Killed a bullfrog
  1816 | Sewer    | Reached XP level 6. HP: 30/37 MP: 3/6
  2078 | D:3      | Found an opulent altar of Gozag.
  2126 | D:3      | Became a worshipper of Gozag Ym Sagoz the Greedy
  2141 | D:3      | Noticed Grinder
  2143 | D:3      | Killed Grinder
  2144 | D:3      | Reached skill level 7 in Stealth
  2144 | D:3      | Reached XP level 7. HP: 43/43 MP: 7/7
  2270 | D:3      | Noticed Sigmund
  2272 | D:3      | Killed Sigmund
  2273 | D:3      | Reached XP level 8. HP: 48/48 MP: 8/8
  2509 | D:3      | Found an iron altar of Okawaru.
  3088 | D:4      | Found a radiant altar of Vehumet.
  3122 | D:4      | Identified the +1 ring mail "Leonien" {rElec rPois Regen+}
  3207 | D:4      | Found a shadowy altar of Dithmenos.
  3374 | D:4      | Reached skill level 1 in Spellcasting
  3398 | D:4      | Found a shimmering altar of Xom.
  3526 | D:4      | Noticed Menkaure
  3537 | D:4      | Killed Menkaure
  3538 | D:4      | Reached skill level 5 in Fighting
  3538 | D:4      | Reached skill level 8 in Stealth
  3669 | D:4      | Found a runed translucent gate.
  3670 | D:4      | Found a runed translucent gate.
  3671 | D:4      | Found a runed translucent gate.
  3675 | D:4      | Identified the +3 leather armour of Untruth {Fly Regen+
                  | Int-5 Dex+4}
  3772 | D:4      | Found a glowing silver altar of Zin.
  4099 | D:4      | Noticed Zxelo's ghost (amateur MiFi)
  4173 | D:5      | Entered Level 5 of the Dungeon
  4370 | D:5      | Reached skill level 1 in Ice Magic
  4381 | D:5      | Found a sand-covered staircase.
  4439 | Ossuary  | Entered an ossuary
  4733 | Ossuary  | Reached XP level 9. HP: 54/54 MP: 9/12
  4940 | D:5      | Found a staircase to the Ecumenical Temple.
  5298 | D:5      | Found Seorieto's Distillery.
  5303 | D:5      | Bought a potion of heal wounds for 70 gold pieces
  5303 | D:5      | Bought a potion of berserk rage for 70 gold pieces
  5721 | D:6      | Reached skill level 9 in Stealth
  6018 | D:6      | Found a snail-covered altar of Cheibriados.
  6147 | D:6      | Found an ancient bone altar of Kikubaaqudgha.
  6563 | D:6      | Identified the +4 long sword "Wuqipt" {pain, rElec rC+
                  | Int-3}
  6691 | D:6      | Reached skill level 5 in Hexes
  6771 | D:7      | Noticed Duvessa
  6773 | D:7      | Noticed Dowan
  6787 | D:7      | Killed Duvessa
  6789 | D:7      | Killed Dowan
  6852 | D:7      | Noticed Jeremiah
  6947 | D:7      | Identified the +4 ring mail of Restlessness {Harm rElec rC+
                  | Str+5}
  7204 | D:7      | Reached XP level 10. HP: 50/59 MP: 2/16
  7349 | D:7      | Killed Jeremiah
  7350 | D:7      | Reached skill level 10 in Stealth
  7431 | D:7      | Identified the ring "Opemnul" {rPois Will+ MP+9 Int-4
                  | Dex+5}
  7503 | D:7      | Reached skill level 10 in Short Blades
  7824 | D:7      | Noticed Pikel
  7890 | D:7      | Killed Pikel
  7891 | D:7      | Reached skill level 11 in Stealth
  8040 | D:7      | Found a white marble altar of Elyvilon.
  8110 | D:7      | Found a burning altar of Makhleb.
  8146 | D:7      | Found an ornate altar of the Wu Jian Council.
  8215 | D:7      | Identified the +2 robe "Onuisiur" {rElec rCorr}
  8541 | D:8      | Found Jalakhle's Armour Boutique.
  8964 | D:8      | Reached XP level 11. HP: 65/65 MP: 14/17
  8992 | D:8      | Reached skill level 12 in Stealth
  9424 | D:9      | Slain by a vampire

Illustrated notes

Levels and vault maps discovered:
D:1:      amcnicky_arrival_underground_garden, layout_rooms,
          chequers_ecumenical_altar_lobes
D:2:      layout_basic, uniq_robin
D:3:      layout_basic, mainiacjoe_overflow_tiny_flanked,
          mainiacjoe_overflow_concentric_impassable, gup_sewer_entry_bowl,
          uniq_sigmund, uniq_grinder
D:4:      layout_loops_ring, xom_confusion_cloud,
          nicolae_dithmenos_shadow_blocks, mainiacjoe_overflow_brackets,
          lemuel_round_altar, biasface_ghost_orc_armoury, uniq_menkaure
D:5:      layout_gridville, minmay_temple_entry_ruins, serial_shops, shop,
          nicolae_ossuary_entry_monument, minmay_lizard_king
D:6:      layout_basic, marbit_many_paths, nicolae_kikubaaqudgha_miasma_corner,
          serial_bayou_ford_a
D:7:      layout_loops_ring, mainiacjoe_overflow_surrounded_room,
          mainiacjoe_overflow_divided_tiny, uniq_jeremiah, uniq_pikel,
          uniq_duvessa
D:8:      erik_cavepeople, layout_cave_pools, serial_shops,
          nicolae_shop_scrapyard, kennysheep_another_room
D:9:      layout_stronghold

Skill      XL: |  1  2  3  4  5  6  7  8  9 10 11 |
---------------+----------------------------------+-----
Short Blades   | 3 4 5 6 7 8 9 11 | 11.4
Dodging        | 2 |  2.3
Fighting       | 3 4 5 6 |  6.9
Stealth        | 6 7 8 9 11 12 | 12.2
Hexes          | 1 2 4 5 6 7 |  7.3
Spellcasting   | 2 4 |  4.0
Ice Magic      | 1 3 4 |  4.4
Throwing       | |  2.1

Action                     |  1- 3 |  4- 6 |  7- 9 | 10-12 || total
---------------------------+-------+-------+-------+-------++-------
  Melee: Dagger            |    59 |   145 |   449 |   265 ||   918
         Punch             |     1 |     1 |     6 |     4 ||    12
         Unarmed           |       |       |       |     2 ||     2
  Throw: Dart              |     1 |     3 |       |       ||     4
   Cast: Ensorcelled Hiber |       |       |     5 |    31 ||    36
  Evoke: Wand              |       |     1 |       |       ||     1
    Use: Scroll            |       |       |    23 |       ||    23
         Potion            |       |       |     1 |     4 ||     5
   Stab: Sleeping          |    16 |    32 |    36 |    29 ||   113
         Distracted        |     1 |     1 |     1 |     2 ||     5
 Armour: Robe              |    10 |    27 |     4 |    56 ||    97
         Ring mail         |       |       |   186 |    39 ||   225
         Skin              |       |       |       |     3 ||     3
  Dodge: Dodged            |    25 |    84 |   185 |    93 ||   387

Table legend: (Time is in decaauts)
 A = Elapsed time spent in this place.
 B = Non-inter-level travel time spent in this place.
 C = Inter-level travel time spent in this place.
 D = Time resting spent in this place.
 E = Time spent auto-exploring this place.
 F = Levels seen in this place.
 G = Mean time per level.
                   A        B        C        D        E       F      G
               +--------+--------+--------+--------+--------+-----+--------+
         Total |   9086 |   8659 |    427 |    730 |   5494 |  11 |  826.0 |
       Dungeon |   8394 |   7967 |    427 |    730 |   5431 |   9 |  932.7 |
         Sewer |    289 |    289 |      0 |      0 |      0 |   1 |  289.0 |
       Ossuary |    403 |    403 |      0 |      0 |     63 |   1 |  403.0 |
               +--------+--------+--------+--------+--------+-----+--------+

Top non-repeatable levels by time:
     D:7: 1621 daAuts
     D:3: 1243 daAuts
     D:4: 1154 daAuts
     D:6: 1062 daAuts
     D:5: 1032 daAuts
     D:2: 755 daAuts
     D:8: 695 daAuts
     D:1: 690 daAuts
 Ossuary: 403 daAuts
   Sewer: 289 daAuts
     D:9: 138 daAuts
